AoeStats
← Yaumy

MegaRandom

510624104Analyzed
2v2 RM · 1d ago on Oct 1, 2026· 14m 38s· 4 players
Game mode
Random Map
Map size
Medium (4 player)
Population
200
Speed
Normal
Resources
Standard
Victory
Conquest
Starting age
Dark Age
Ending age
Imperial Age
RankedLock teamsTeams togetherTeam positionsShared explorationLock speedFull tech treeHidden civsTurbo modeCheats
Victory
Defeat
🇫🇷 Chinese · France
1562
+13
🇫🇷 Celts · France
1562
+13
🇦🇷 Cumans · Argentina
1544
-15
🇫🇷 Magyars · France
1443
-11
ELBIO
0:35 Loom
8:36 Feudal Age
9:27 Double-Bit Axe
Polito
0:46 Loom
9:30 Feudal Age
10:12 Double-Bit Axe
12:22 Horse Collar
WILLIAM WILTZ
0:30 Loom
9:05 Feudal Age
9:15 Man-at-Arms
9:58 Double-Bit Axe
13:12 Horse Collar
Yaumy
0:40 Loom
7:56 Feudal Age
9:10 Double-Bit Axe
10:08 Horse Collar
15:01 Forging
Connection lost

Rejoining the realm…

Still unreachable

The connection could not be restored.

Session expired

The server has moved on; the page needs a fresh start.